 Dungeon Crawl Stone Soup version 0.19-a0-1821-g42c593c (webtiles) character file.

870 4thArraOfDagon the Slasher (level 7, 27/61 HPs)
             Began as a Minotaur Monk on Oct 6, 2016.
             Was a Priest of Okawaru.
             Quit the game on level 7 of the Dungeon.
             The game lasted 00:08:43 (1471 turns).

4thArraOfDagon the Slasher (Minotaur Monk)          Turns: 1471, Time: 00:08:43

Health: 27/61      AC:  8    Str: 15 (16) XL:     7   Next: 73%
Magic:  7/7        EV: 14    Int:  8 (9)  God:    Okawaru [***...]
Gold:   272        SH:  0    Dex: 10 (12) Spells: 2 memorised, 2 levels left

rFire  . . .     SeeInvis +     a - +0 falchion
rCold  + . .     Gourm    .     g - +0 ring mail
rNeg   . . .     Faith    .     (no shield)
rPois  .         Spirit   .     (helmet restricted)
rElec  .         Dismiss  .     f - +1 cloak
rCorr  .         Reflect  .     (no gloves)
MR     .....     Harm     +     (no boots)
Stlth  +.........               s - amulet of harm
                                (no ring)
                                (no ring)

@: flying, very slightly contaminated, hasted, very quick
A: retaliatory headbutt, horns 2, repulsion field 1, see invisible, cold
resistance 1
a: Heroism, Renounce Religion


You were on level 7 of the Dungeon.
You worshipped Okawaru.
Okawaru was most pleased with you.
You were not hungry.

You visited 1 branch of the dungeon, and saw 7 of its levels.

You collected 272 gold pieces.

Inventory:

Hand Weapons
 a - a +0 falchion (weapon)
Missiles
 o - 6 poisoned javelins (quivered)
Armour
 b - a +0 robe
 f - a +1 cloak (worn)
 g - a +0 ring mail (worn)
 r - a +1 robe of cold resistance
Jewellery
 i - an uncursed ring of fire
 s - an amulet of harm (around neck)
Wands
 F - a wand of lightning (9/15)
Scrolls
 e - a scroll of immolation
 k - 5 scrolls of remove curse
 m - 2 scrolls of recharging
 p - 2 scrolls of identify
 t - a scroll of noise
Potions
 n - a potion of degeneration
Comestibles
 c - 5 bread rations
 l - 4 meat rations


   Skills:
 + Level 5.5 Fighting
 * Level 7.3 Long Blades
 + Level 4.2 Armour
 + Level 5.2 Dodging
 - Level 1.5 Stealth
 + Level 2.6 Invocations


You had 2 spell levels left.
You knew the following spells:

 Your Spells              Type           Power        Failure   Level  Hunger
a - Blink                 Tloc           N/A          94%         2    ###....
b - Repel Missiles        Chrm/Air       #.....       94%         2    ###....


Dungeon Overview and Level Annotations

Branches:
Dungeon (7/15)             Temple (0/1) D:7

Altars:
Ashenzari
Okawaru
Sif Muna
Uskayaw

Portals:
Bailey: D:7

Annotations:
D:7 Nattefrost's ghost, novice MfGl; Pikel


Innate Abilities, Weirdness & Mutations

You reflexively headbutt those who attack you in melee.
You have a pair of horns on your head.
You are surrounded by a mild repulsion field. (EV +2)
You have supernaturally acute eyesight. (SInv)
Your flesh is cold resistant. (rC+)


Message History

You feel like a meek peon again.
A slave comes into view.
A slave comes into view.
The slave shouts!
The slave moves out of view.
Found a flagged portal.
Enter note: bad
Okay, then.
Unknown command.
Are you sure you want to abandon this character and quit the game? (Confirm with "yes".)
Okay, then.
Unknown command.
Press: ? - help, v - describe, . - travel The floor.
Press: ? - help, v - describe, . - travel
Here: Nattefrost's ghost, wielding a vampiric weapon (lightly damaged)
The floor.
Unknown command.
Unknown command.
Are you sure you want to abandon this character and quit the game? (Confirm with "yes".)

* *,* *,*,* ####[#
*********#####***#######..W.#
,,,,,*,,pK....,,,........#####♣♣
****,****##▓▓▓#####▓▓▓##......P♣*
*,*,,,..▓)▓.....▓)▓∩#W#......♣
*,*,***.▓▓▓.▓▓▓.▓▓▓,#.##....P.
*,+,*,*,....▓)▓..,,,#.#*#....♣
******▓#####▓▓▓######.# *##♣♣♣
*,,,.......@.....W..#
****#################


You could see Pikel (wandering) and Nattefrost's ghost.

Vanquished Creatures
  Grinder (D:3)
  Sigmund (D:2)
  An ice beast (D:5)
  2 slaves (D:7)
  A scorpion (D:5)
  A hound (D:4)
  An orc priest (D:4)
  A centaur skeleton (D:5)
  An iguana (D:5)
  2 orc wizards
  2 worker ants
  A hound zombie (D:4)
  4 gnolls
  3 adders
  An adder zombie (D:6)
  An adder skeleton (D:4)
  A worm (D:5)
  2 dart slugs
  5 leopard geckos
  7 orcs
  6 bats
  3 giant cockroaches
  3 goblins (D:1)
  4 hobgoblins
  5 jackals
  6 kobolds
  3 quokkas
  2 frilled lizards
  A quokka skeleton (D:4)
  6 rats
78 creatures vanquished.

Notes
Turn   | Place    | Note
-------+----------+-------------------------------------------
     0 | D:1      | 4thArraOfDagon the Minotaur Monk began the quest for the Orb.
     0 | D:1      | Reached XP level 1. HP: 19/19 MP: 0/0
    75 | D:1      | Reached skill level 4 in Long Blades
   150 | D:1      | Reached XP level 2. HP: 27/27 MP: 1/1
   155 | D:1      | Reached skill level 1 in Armour
   262 | D:2      | Noticed Sigmund
   285 | D:2      | Killed Sigmund
   285 | D:2      | Reached skill level 5 in Long Blades
   285 | D:2      | Reached XP level 3. HP: 34/34 MP: 2/2
   285 | D:2      | Reached XP level 4. HP: 41/41 MP: 3/3
   285 | D:2      | Reached XP level 5. HP: 47/47 MP: 4/4
   428 | D:3      | Found an iron altar of Okawaru.
   435 | D:3      | Became a worshipper of Warmaster Okawaru
   435 | D:3      | Reached * piety under Okawaru
   435 | D:3      | Reached ** piety under Okawaru
   458 | D:3      | Noticed Grinder
   636 | D:3      | Reached skill level 1 in Invocations
   656 | D:3      | Found a faded altar of an unknown god.
   717 | D:3      | Found a deep blue altar of Sif Muna.
   770 | D:3      | Paralysed by Grinder for 2 turns
   786 | D:3      | Killed Grinder
   786 | D:3      | Reached skill level 5 in Fighting
   786 | D:3      | Reached skill level 6 in Long Blades
   786 | D:3      | Reached XP level 6. HP: 26/56 MP: 1/6
   909 | D:4      | Reached XP level 7. HP: 20/61 MP: 4/7
   959 | D:3      | Found a shattered altar of Ashenzari.
  1061 | D:5      | Entered Level 5 of the Dungeon
  1094 | D:5      | Reached *** piety under Okawaru
  1113 | D:5      | Reached skill level 5 in Dodging
  1121 | D:5      | Reached skill level 7 in Long Blades
  1249 | D:6      | Learned a level 2 spell: Blink
  1252 | D:6      | Learned a level 2 spell: Repel Missiles
  1306 | D:6      | Found a hide-covered altar of Uskayaw.
  1351 | D:7      | Found a staircase to the Ecumenical Temple.
  1384 | D:7      | Noticed Nattefrost's ghost (novice MfGl)
  1406 | D:7      | Noticed Pikel
  1424 | D:7      | Gained mutation: You have supernaturally acute eyesight. (SInv) [potion of mutation]
  1424 | D:7      | Gained mutation: Your flesh is cold resistant. (rC+) [potion of mutation]
  1424 | D:7      | Gained mutation: You are surrounded by a mild repulsion field. (EV +2) [potion of mutation]
  1470 | D:7      | Found a flagged portal.
  1471 | D:7      | bad
  1471 | D:7      | Quit the game

Vault maps used:
D:1:      dpeg_arrival_water_altar, serial_glass, glass_columns_a,
          glass_columns_a, minmay_pentomino_q4
D:2:      nicolae_tso_carved_into_rock, nicolae_qazlal_eye_of_the_storm,
          first_bread, kennysheep_jessica_study, uniq_sigmund
D:3:      old_standard_altar, cheibrodos_ashenzari_chains, ecumenical_altar_1,
          okawaru_metal_pillars_1_2, uniq_grinder
D:5:      minmay_gold_behind_fungi, minmay_crystal_room
D:6:      basic_altar
D:7:      nicolae_whirlpool, marbit_many_paths, enter_bailey_8, uniq_menkaure,
          uniq_pikel, uniq_crazy_yiuf_cottage

Skill      XL: |  1  2  3  4  5  6  7 |
---------------+----------------------+-----
Long Blades    | 4 5 6 7 |  7.3
Armour         | 2 3 4 |  4.2
Fighting       | 4 5 |  5.5
Dodging        | 4 5 |  5.2
Invocations    | 1 2 |  2.6
Stealth        | |  1.5

Action                   |  1- 3 |  4- 6 |  7- 9 || total
-------------------------+-------+-------+-------++-------
Melee: Falchion          |    39 |    96 |   114 ||   249
       Headbutt          |     4 |    14 |    17 ||    35
       Punch             |       |     1 |     2 ||     3
Throw: Javelin           |     2 |       |       ||     2
Invok: Heroism           |       |     4 |     5 ||     9
Evoke: Wand              |       |       |     4 ||     4
  Use: Potion            |     1 |       |    17 ||    18
       Scroll            |       |       |    11 ||    11
  Eat: Chunk             |       |       |     2 ||     2
Armor: Ring mail         |    11 |    35 |    33 ||    79
       Robe              |     1 |       |       ||     1
       Skin              |    25 |     1 |    24 ||    50
Dodge: Dodged            |    26 |    76 |    63 ||   165
       Rpst.: Falchion   |     5 |    19 |    19 ||    43
